 Dungeon Crawl Stone Soup version 0.29.1-1-gd02db6906a (webtiles) character file.

Game seed: 2927267802546515899

147 Earthwalker the Trooper (level 5, -4/47 HPs)
             Began as a Minotaur Fighter on Oct 15, 2022.
             Slain by an iron imp (8 damage)
             ... summoned by Natasha
             ... on level 3 of the Dungeon.
             The game lasted 00:03:35 (2108 turns).

Earthwalker the Trooper (Minotaur Fighter)          Turns: 2108, Time: 00:03:36

Health: -4/47      AC:  7    Str: 22    XL:     5   Next: 8%
Magic:  4/4        EV: 10    Int:  5    God:
Gold:   169        SH:  9    Dex: 10    Spells: 4/4 levels left

rFire   . . .      SeeInvis .   a - +0 war axe
rCold   . . .      Faith    .   c - +0 buckler
rNeg    . . .      Spirit   .   b - +0 scale mail
rPois   .          Reflect  +   (helmet restricted)
rElec   .          Harm     .   (no cloak)
rCorr   .          Rampage  .   (no gloves)
Will    .....                   (no boots)
Stlth   ..........              i - amulet of reflection
HPRegen 0.15/turn               (no ring)
MPRegen 0.09/turn               (no ring)

@: no status effects
A: horns 2, retaliatory headbutt
a: no special abilities


You were on level 3 of the Dungeon.
You visited 1 branch of the dungeon, and saw 3 of its levels.

You collected 169 gold pieces.

Inventory:

Hand Weapons
 a - a +0 war axe (weapon)
Missiles
 f - 12 poisoned darts (quivered)
Armour
 b - a +0 scale mail (worn)
 c - a +0 buckler (worn)
Jewellery
 i - an amulet of reflection (around neck)
 k - a ring of ice
 m - an amulet of magic regeneration
Wands
 n - a wand of flame (16)
 p - a wand of digging (5)
Scrolls
 j - 3 scrolls of identify {unknown}
 l - a scroll of amnesia {unknown}
 q - a scroll of poison {unknown}
Potions
 d - 2 potions of might
 e - 3 potions of haste {unknown}
 g - 2 potions of curing
 h - a potion of cancellation {unknown}
 o - a potion of invisibility {unknown}


   Skills:
 * Level 4.5 Fighting
 * Level 3.4 Axes
 * Level 4.4 Armour
 * Level 2.0 Dodging
 + Level 1.0 Stealth
 * Level 4.4 Shields


You had 4 spell levels left.
You didn't know any spells.
Your spell library contained the following spells:

 Spells                   Type           Power      Damage    Failure   Level
 Static Discharge         Conj/Air       0%         3-3/arc   95%         2
 Lightning Bolt           Conj/Air       0%         1d11      100%        5
 Maxwell's Capacitive Co  Air            0%         ∞         100%        8


Dungeon Overview and Level Annotations

Branches:
Dungeon (3/15)

Altars:
Uskayaw

Annotations:
D:3 Natasha


Innate Abilities, Weirdness & Mutations

You have a pair of horns on your head.
You reflexively headbutt those who attack you in melee.


Message History

The iron imp hits you but does no damage.
The white imp gestures at you. The puff of frost hits you.
You slash the white imp!
The white imp is almost dead.
You hit Natasha. You hit the iron imp but do no damage.
You slash the shadow imp! The white imp gestures at you.
The puff of frost hits you. Natasha barely misses you. The iron imp hits you!
* * * LOW HITPOINT WARNING * * *
The shadow imp barely misses you. The white imp gestures at you.
The puff of frost reflects off an invisible shield around you!
The puff of frost hits the white imp.
The white imp completely resists.
You hit Natasha but do no damage. Your headbutt misses Natasha.
Natasha is moderately wounded.
You closely miss the white imp. You slash the iron imp!
You barely miss the shadow imp. Natasha claws you.
* * * LOW HITPOINT WARNING * * *
The shadow imp hits you.
* * * LOW HITPOINT WARNING * * *
The iron imp hits you but does no damage.
The white imp gestures at you.
The puff of frost reflects off an invisible shield around you!
The puff of frost misses the white imp.
Natasha claws you but does no damage. The shadow imp closely misses you.
The iron imp barely misses you. You furiously retaliate!
You headbutt the iron imp, but do no damage.
You closely miss Natasha. You headbutt Natasha!
Natasha is severely wounded.
You hit the white imp but do no damage. You hit the iron imp but do no damage.
You slash the shadow imp!
You kill the shadow imp!
The shadow imp disappears in a puff of smoke!
The white imp barely misses you. You furiously retaliate!
You headbutt the white imp!
You kill the white imp!
The white imp disappears in a puff of smoke!
Natasha drinks a potion.
Natasha is healed!
The iron imp hits you!
You die...

#.#.## #.# #.# #.##
###.### #.# # #.....#
#.# #.....# #.# #
#.....######.### ## #.
#.....##.......#
##..#$##..... #.#.#.#.#
......h..†# #.#.#.#.#
.##.§@..#####.#...#.#
......5§.....##.#..##.#
##........##.##.......#
####.$...##.####.....#
#.######.......#### ...
######### ####


You could see an iron imp (summoned) and Natasha.

Vanquished Creatures
  A jelly (D:3)
  Ijyb (D:2)
  4 adders
  2 dart slugs (D:2)
  5 endoplasms
  2 giant cockroaches (D:1)
  13 goblins
  6 hobgoblins
  4 quokkas
  2 ball pythons (D:1)
  A bat (D:2)
  2 frilled lizards
  5 kobolds
  4 rats
52 creatures vanquished.

Notes
Turn   | Place    | Note
-------+----------+-------------------------------------------
     0 | D:1      | Earthwalker the Minotaur Fighter began the quest for the
                  | Orb.
     0 | D:1      | Reached XP level 1. HP: 19/19 MP: 0/0
    67 | D:1      | You fall into a shaft and drop 1 floor!
   101 | D:2      | Reached XP level 2. HP: 23/27 MP: 1/1
   161 | D:1      | Reached skill level 1 in Dodging
   308 | D:1      | Reached XP level 3. HP: 33/33 MP: 2/2
   599 | D:1      | Found a faded altar of an unknown god.
   966 | D:2      | Found a hide-covered altar of Uskayaw.
  1034 | D:2      | Noticed Ijyb
  1050 | D:2      | Killed Ijyb
  1051 | D:2      | Reached XP level 4. HP: 8/40 MP: 3/3
  1985 | D:3      | Reached skill level 1 in Stealth
  1985 | D:3      | Reached XP level 5. HP: 33/47 MP: 4/4
  2099 | D:3      | Noticed Natasha
  2108 | D:3      | Slain by an iron imp

Illustrated notes

Levels and vault maps discovered:
D:1:      psy_arrival_terrarium, layout_basic,
          shapermc_ecumenical_altar_acropolis
D:2:      kennysheep_the_goblin_king, layout_basic, basic_altar,
          grunt_ministairs_10
D:3:      layout_loops_cross, saegor_snake_ambush, uniq_natasha

Skill      XL: |  1  2  3  4 |
---------------+-------------+-----
Dodging        | 1 2 |  2.0
Armour         | 4 |  4.4
Fighting       | 4 |  4.5
Shields        | 4 |  4.4
Axes           | 3 |  3.4
Stealth        | 1 |  1.0

Action                   |  1- 3 |  4- 6 || total
-------------------------+-------+-------++-------
Melee: War axe           |    80 |    31 ||   111
       Headbutt          |     8 |     4 ||    12
Armor: Scale mail        |    37 |    12 ||    49
Dodge: Dodged            |    46 |    17 ||    63
Block: Buckler           |    19 |     5 ||    24
       Reflection        |       |     2 ||     2
